Map: Tempio ghiacciato

Players

Jhyrachy - Winner!

  • Race: Zerg Zerg
  • League: Gold

TotesMiGoats

  • Race: Zerg Zerg
  • League: Gold

VOD

Have the link to the VOD?

Description

Time

  • Played on: April 29, 2016, 4:03 p.m.
  • Length: 8:46
Show
View Real Time Build Order
Export as new Build Order

Jhyrachy Zerg - Winner!

Build Orders: Hatch First 

Get SALT Encoding   

  12  0:01  Drone  
  13  0:11  Drone  
  14  0:17  Overlord  
  14  0:36  Drone x3  
  17  0:57  Hatchery  
  17  0:58  Drone  
  17  1:02  Extractor, Drone  
  17  1:17  Spawning Pool  
  16  1:21  Drone  
  16  1:24  Drone  
  18  1:35  Drone  
  19  1:42  Overlord  
  19  2:02  Drone  
  19  2:04  Queen  
  19  2:07  Metabolic Boost  
  19  2:08  Evolution Chamber  
  21  2:10  Zergling x2  
  22  2:17  Queen  
  24  2:32  Drone x2  
  26  2:41  Zergling x2  
  27  2:56  Zerg Melee Weapons Level 1  
  27  2:58  Zergling x2  
  27  2:59  Zergling x8  
  27  3:00  Zergling x2  
  32  3:14  Drone  
  32  3:15  Drone x2  
  35  3:22  Overlord x2  
  28  4:03  Drone x2  
  28  4:04  Drone x3  
  28  4:06  Drone  
  28  4:09  Zergling x2  
  38  4:10  Zergling x10  
  38  4:11  Extractor  
  38  4:16  Spine Crawler  
  39  4:32  Hatchery  
  38  4:43  Drone x3  
  38  4:44  Drone x3  
  42  5:00  Zergling x4  
  42  5:02  Overlord x2  
  37  5:20  Queen  
  37  5:21  Zergling x2  
  37  5:22  Zergling x14  
  44  5:36  Zergling x4  
  46  5:46  Queen  
  48  5:54  Spore Crawler  
  48  5:55  Spore Crawler  
  46  5:57  Spore Crawler  
  45  6:04  Spore Crawler  
  45  6:09  Zergling x2  
  45  6:10  Zergling x20  
  55  6:12  Zerg Ground Armor Level 1  
  55  6:27  Zergling x2  
  55  6:28  Zergling x8  
  57  7:17  Zergling x18  
  57  7:18  Overlord  
  57  7:19  Overlord x2  
  63  7:27  Hatchery  
  47  7:40  Zergling x2  
  47  7:41  Zergling x30  
  63  8:13  Zergling x16  
  63  8:14  Zergling x16  
Show
View Real Time Build Order
Export as new Build Order

TotesMiGoats Zerg 

Build Orders: Hatch First 

Get SALT Encoding   

  12  0:01  Drone  
  13  0:13  Overlord  
  13  0:18  Drone  
  14  0:31  Drone x2  
  14  0:35  Drone  
  17  0:54  Hatchery  
  17  0:57  Drone  
  17  1:10  Spawning Pool  
  16  1:12  Drone  
  16  1:17  Extractor  
  16  1:23  Drone x2  
  18  1:32  Drone  
  19  1:41  Overlord  
  19  1:59  Queen, Spine Crawler  
  20  2:10  Queen  
  20  2:11  Spine Crawler  
  20  2:13  Zergling x4  
  23  2:21  Metabolic Boost  
  23  2:31  Drone x2  
  23  2:32  Drone  
  23  2:36  Drone  
  27  2:50  Baneling Nest  
  26  2:52  Zergling x4  
  29  3:12  Drone  
  29  3:13  Drone x6  
  29  3:17  Overlord  
  35  3:24  Overlord  
  35  3:37  Baneling x3  
  35  3:40  Drone x4  
  40  3:41  Drone  
  38  3:57  Zergling x2  
  38  3:58  Zergling x8  
  43  4:05  Drone  
  43  4:06  Roach Warren  
  43  4:21  Zergling x2  
  43  4:22  Zergling x8  
  43  4:24  Drone  
  49  4:29  Lair  
  50  4:31  Drone  
  50  4:32  Extractor  
  50  4:36  Drone  
  50  4:39  Drone  
  51  4:47  Overlord x3  
  47  4:54  Zergling x8  
  32  5:27  Queen  
  33  5:29  Roach  
  33  5:30  Roach x7  
  48  5:52  Drone x3  
  48  5:53  Drone  
  48  5:55  Queen  
  54  6:02  Queen  
  54  6:03  Baneling  
  56  6:06  Baneling  
  56  6:11  Drone x2  
  56  6:12  Drone  
  56  6:14  Drone  
  60  6:31  Queen  
  62  6:36  Hatchery  
  61  6:40  Drone, Spire  
  59  6:56  Roach x3  
  59  6:57  Zergling x2, Roach  
  59  6:58  Zergling x6  
  70  7:07  Overlord x3  
  70  7:10  Zergling x8  
  66  7:35  Drone  
  66  7:36  Drone x6  
  69  7:38  Extractor  
  69  7:40  Extractor  
  67  7:53  Drone x2  
  67  7:54  Drone  
  67  7:55  Hatchery  
  67  7:56  Drone x3  
  69  8:05  Zergling x4  
  70  8:26  Zergling x2  
  54  8:27  Zergling x14  
Tags
 
Add a new tag
Caveats
  • Supply blocks, unpowered buildings, or Contaminate may cause inaccurate times.
  • Supply counts are checked every 10 seconds.